[Event "*** Titled Tuesday 3|2 Blitz"]
[Site "Chess.com"]
[Date "2015.12.01"]
[Round "8"]
[White "yopino"]
[Black "oskariot"]
[Result "0-1"]
[WhiteElo "2222"]
[BlackElo "2256"]
[TimeControl "180+2"]
[EndTime "12:44:38 PST"]
[Termination "oskariot won by resignation"]

1. e4 c5 2. Nc3 e6 3. g3 Nc6 4. Bg2 g6 5. d3 Bg7 6. Be3 Qa5 7. Qd2 Nd4 8. Nf3 Ne7 9. O-O d6 10. a3 Nec6 11. Kh1 O-O 12. Bh6 e5 13. Rac1 Nxf3 14. Bxf3 Bh3 15. Bg2 Bxg2+ 16. Kxg2 f5 17. f3 f4 18. Bxg7 Kxg7 19. Rf2 Rf7 20. Nd5 Qxd2 21. Rxd2 g5 22. g4 Ne7 23. Nxe7 Rxe7 24. c3 Rc8 25. Rcd1 h5 26. h3 Rec7 27. Kf2 Kg6 28. Rg1 Rh8 29. Ke1 hxg4 30. hxg4 Rh3 31. Rf2 Rch7 32.
Kd2 Kf6 33. Kc2 Ke6 34. c4 Kd7 35. a4 Kc6 36. a5 b5 37. axb6 axb6 38. Kc3 b5 39. b3 Kb6 40. Ra1 Rh2 41. Raa2 Rxf2 42. Rxf2 Rh3 43. Rf1 b4+ 44. Kc2 Rh2+ 45. Kc1 Ra2 46. Kd1 Ra1+ 47. Ke2 Ra2+ 48. Ke1 Rb2 49. Rh1 Rb1+ 0-1

[Event "*** Titled Tuesday 3|2 Blitz"]
[Site "Chess.com"]
[Date "2015.12.01"]
[Round "8"]
[White "GianmarcoVaR"]
[Black "Maitreia"]
[Result "0-1"]
[WhiteElo "2263"]
[BlackElo "2463"]
[TimeControl "180+2"]
[EndTime "12:44:44 PST"]
[Termination "Maitreia won by resignation"]

1. d4 Nf6 2. Nf3 g6 3. g3 Bg7 4. Bg2 O-O 5. O-O Nc6 6. d5 Na5 7. e4 d6 8. Nd4 Bg4 9. f3 Bd7 10.
b3 c5 11. dxc6 Nxc6 12. Bb2 Qb6 13. Kh1 Nxe4 14. fxe4 Bxd4 15. Bxd4 Qxd4 16. Nd2 Ne5 17. Qe2 Rac8 18. c4 b5 19. Rfd1 Bg4 20. Bf3 Nxf3 21.
Nxf3 Qf6 22. Kg2 Bxf3+ 23. Qxf3 Qxf3+ 24. Kxf3 bxc4 25. b4 c3 26. Ke3 Rc4 27. a3 c2 28.
Rdc1 Rfc8 29. Ra2 Kg7 30. Kd3 Rc3+ 31. Kd2 Rf3 32. Rcxc2 Rxc2+ 33. Kxc2 Re3 34. b5 Kf6 35. a4 Ke6 36. a5 Kd7 37. Ra4 Kc7 38. Rc4+ Kb7 39. Rc6 Rxe4 40. a6+ Kb8 41. Kc3 d5 42. Rc5 e6 43. Rc6 Rc4+ 44. Rxc4 dxc4 45. Kxc4 Kc7 46.
Kc5 h5 47. h3 f6 48. g4 hxg4 49. hxg4 f5 50. g5 e5 51. Kd5 e4 52. Ke5 e3 0-1

[Event "*** Titled Tuesday 3|2 Blitz"]
[Site "Chess.com"]
[Date "2015.12.01"]
[Round "8"]
[White "AndreyOstrovskiy"]
[Black "Gabrielian_Artur"]
[Result "0-1"]
[WhiteElo "2424"]
[BlackElo "2508"]
[TimeControl "180+2"]
[EndTime "12:44:51 PST"]
[Termination "Gabrielian_Artur won by checkmate"]

1. e4 c5 2. Nf3 e6 3. d4 cxd4 4. Nxd4 Nf6 5. Nc3 d6 6. Be2 a6 7. O-O Nbd7 8. f4 b5 9. Bf3 Bb7 10. Qe1 Qc7 11. a3 Rb8 12. Kh1 h5 13. Be3 Be7 14. Bg1 Ng4 15. Qg3 Ndf6 16. Rae1 g6 17. e5 dxe5 18. fxe5 Nd7 19. Bxb7 Rxb7 20. Nf3 Nh6 21. Ne4 Nf5 22. Qf4 Nb6 23. c3 Nd5 24. Qd2 h4 25. Bd4 Rh5 26. h3 Rb8 27. Nh2 Kf8 28.
Ng4 Kg8 29. Kg1 Rd8 30. Rf3 Qc4 31. Qf2 a5 32. Nef6+ Nxf6 33. exf6 Bf8 34. Re4 Nxd4 35. cxd4 Rf5 36. Ne5 Qc1+ 37. Re1 Rxf3 38. Nxf3 Qf4 39. Qe2 Qxf6 40. Qxb5 Rd5 41. Qb8 Kg7 42. Rc1 Bd6 43. Qe8 Rxd4 44. Rc8 Rd1+ 45. Kf2 Qxb2+ 46. Ke3 Qxa3+ 47.
Ke2 Qd3+ 48. Kf2 Bg3# 0-1

[Event "*** Titled Tuesday 3|2 Blitz"]
[Site "Chess.com"]
[Date "2015.12.01"]
[Round "8"]
[White "oggy1984"]
[Black "chessbia"]
[Result "0-1"]
[WhiteElo "2198"]
[BlackElo "2122"]
[TimeControl "180+2"]
[EndTime "12:44:53 PST"]
[Termination "chessbia won on time"]

1. e4 e5 2. f4 d5 3. exd5 exf4 4.
Nf3 Nf6 5. d4 Bd6 6. c4 b6 7.
Bd3 Bg4 8. O-O O-O 9. Nc3 a6 10. Qc2 h6 11. Ne5 Bh5 12. Bxf4 Nbd7 13. Nc6 Qe8 14. Rae1 Qxe1 15. Rxe1 Bxf4 16. h3 Rae8 17. Rxe8 Rxe8 18. g4 Be3+ 19. Kg2 Nxg4 20. hxg4 Bxg4 21. Bf5 Nf6 22. Bxg4 Nxg4 23. Qe2 h5 24. Qf3 g5 25. Ne4 Bf4 26. Qxg4 hxg4 27. Nf6+ Kf8 28. Nxe8 Kxe8 29. b4 g3 30. a4 f5 31. a5 bxa5 32. bxa5 g4 33. c5 Kf7 34. Nb8 Bd2 35. Nxa6 Bxa5 36. Nb8 f4 37. Nc6 Bc3 38. d6 cxd6 39. cxd6 Ke6 40.
d7 Kxd7 41. Ne5+ Ke6 42. Nxg4 Bxd4 43. Kf3 Kf5 44. Nh6+ Kg5 45. Nf7+ Kh4 46. Kg2 Be3 47. Kf3 Kh3 48. Ng5+ Kh2 49. Ke2 g2 50. Nf3+ Kh1 0-1

[Event "*** Titled Tuesday 3|2 Blitz"]
[Site "Chess.com"]
[Date "2015.12.01"]
[Round "8"]
[White "stefanodinn"]
[Black "PowerThinking2650"]
[Result "0-1"]
[WhiteElo "2133"]
[BlackElo "2100"]
[TimeControl "180+2"]
[EndTime "12:44:58 PST"]
[Termination "PowerThinking2650 won on time"]

1. Nf3 Nf6 2. c4 g6 3. b4 Bg7 4.
Bb2 O-O 5. g3 d5 6. cxd5 Qxd5 7.
Bg2 Qh5 8. h3 a5 9. bxa5 Nc6 10.
d3 Qxa5+ 11. Nbd2 Be6 12. a4 Nd5 13. Bxg7 Kxg7 14. Qc2 Qc3 15. Qb1 Qb4 16. Qxb4 Ncxb4 17. Nd4 Bd7 18. O-O Rxa4 19. Rxa4 Bxa4 20. Rc1 c6 21. Rc4 Ra8 22. e4 Bb5 23. Nxb5 cxb5 24. Rc5 Nf6 25. d4 Ra1+ 26. Kh2 Nd3 27. Rxb5 Nxf2 28. e5 Nh5 29. Rxb7 Rd1 30. Nf3 h6 31. Rxe7 g5 32. e6 Kf8 33.
Rxf7+ Ke8 34. Nxg5 hxg5 35. Rxf2 Rxd4 36. Bf3 Nf6 37.
Bg2 Ke7 38. Re2 Nd5 39. Re5 Nc3 40. Rxg5 Rd2 41. h4 Nd1 42. Kh3 Ne3 43. Bf3 Kxe6 44.
Bg4+ Kf6 45. Rc5 Rf2 46. Bd7 Nf1 0-1

[Event "*** Titled Tuesday 3|2 Blitz"]
[Site "Chess.com"]
[Date "2015.12.01"]
[Round "8"]
[White "Rikikits"]
[Black "1stSecond"]
[Result "0-1"]
[WhiteElo "2580"]
[BlackElo "2470"]
[TimeControl "180+2"]
[EndTime "12:45:12 PST"]
[Termination "1stSecond won by resignation"]

1. e4 e5 2. Nf3 Nc6 3. Bc4 Bc5 4. O-O Nf6 5. d3 d6 6. c3 a6 7. Bb3 Ba7 8. Nbd2 Be6 9. Re1 h6 10. Nf1 Ne7 11. Ng3 Qd7 12. d4 Ng6 13. h3 O-O 14. Be3 Bxb3 15. Qxb3 b5 16. Rad1 Qe6 17. dxe5 Nxe5 18. Nxe5 Qxe5 19. Bd4 Qg5 20. e5 c5 21. exf6 cxd4 22. Ne4 Qg6 23. fxg7 Rfe8 24. Qd5 dxc3 25.
bxc3 Rad8 26. Rd3 Qe6 27. Qb7 Bc5 28. Rf3 f5 29. Rf4 fxe4 30. Rfxe4 Qg6 31. Qd5+ Kxg7 32.
Rg4 Rxe1+ 33. Kh2 Qxg4 34. hxg4 Rf8 35. f3 Rf7 36. g5 Re5 37. gxh6+ Kg6 38. Qd3+ Kxh6 39.
Qd2+ Kg6 40. Qd3+ Kg7 41. g4 Re3 42. Qd5 Rfxf3 43. Qg5+ Kf7 44. Qh5+ Ke6 45. Qe8+ Kd5 46. Qg8+ Ke4 47. Qg6+ Ke5 48. Qe8+ Kf4 49. Qf7+ Kxg4 50. Qg6+ Kf4 51. Qf6+ Ke4 52. Qg6+ Rf5 53. Qg4+ Ke5 54. Qg7+ Kd5 55. Qg8+ Ke4 56. Qe6+ Re5 57. Qg6+ Kd5 58. Qg8+ Re6 59. Qa8+ Kc4 60. Qxa6 Rh6+ 61. Kg2 Rg6+ 62. Kh2 Re8 0-1

[Event "*** Titled Tuesday 3|2 Blitz"]
[Site "Chess.com"]
[Date "2015.12.01"]
[Round "8"]
[White "salomez"]
[Black "silverback96"]
[Result "1-0"]
[WhiteElo "2092"]
[BlackElo "1914"]
[TimeControl "180+2"]
[EndTime "12:45:21 PST"]
[Termination "salomez won by resignation"]

1. e4 e6 2. d4 d5 3. Nc3 Bb4 4.
Ne2 dxe4 5. a3 Bxc3+ 6. Nxc3 Nc6 7. Bb5 Ne7 8. Nxe4 O-O 9. Be3 Qd5 10. Bd3 Nf5 11. O-O Nfxd4 12. c4 Qd8 13. b4 e5 14. b5 Ne7 15. Qh5 g6 16. Nf6+ Kg7 17. Qxh7+ Kxf6 18. Qh4+ Ke6 19. Rfe1 Nef5 20. Bxf5+ Nxf5 21. Qg4 Qh4 22. Qf3 Rh8 23. h3 Nxe3 24. Rxe3 Bd7 25. Qd5+ Ke7 26. Qxe5+ Kd8 27. Rd1 Kc8 28. Qd5 Rd8 29. Qxf7 b6 30. Re7 Kb7 31. Rexd7 Rxd7 32. Qxd7 Qxc4 33. Qd5+ Qxd5 34. Rxd5 c5 35. Rd7+ Kc8 36.
Rg7 Rb8 37. Rxg6 Kd7 38. h4 Rc8 39. Kf1 c4 40. Ke2 Re8+ 41. Kd2 Re4 42. Rg7+ Ke8 43.
g3 Re5 44. a4 Rf5 45. f4 Rd5+ 46. Kc3 Rc5 47. Rxa7 Kf8 48. Rb7 Rd5 49. Kxc4 Rd1 50.
Rxb6 Rg1 51. a5 Rxg3 52. a6 Rg4 53. a7 Rxf4+ 54. Kc5 Ra4 55. Rb8+ Ke7 56. a8=Q Rxa8 1-0

[Event "*** Titled Tuesday 3|2 Blitz"]
[Site "Chess.com"]
[Date "2015.12.01"]
[Round "8"]
[White "DeviatkinAndrey"]
[Black "swayamsm"]
[Result "1/2-1/2"]
[WhiteElo "2527"]
[BlackElo "2455"]
[TimeControl "180+2"]
[EndTime "12:45:32 PST"]
[Termination "Game drawn by agreement"]

1. d4 e6 2. e4 d5 3. Nd2 Be7 4. c3 c5 5. Bb5+ Bd7 6. Bxd7+ Nxd7 7. exd5 exd5 8. Ngf3 Ngf6 9. O-O O-O 10. dxc5 Nxc5 11. Nb3 Ne6 12. Re1 Bd6 13. h3 Re8 14. Be3 Qc7 15.
Nbd4 a6 16. a4 Rac8 17. a5 Bf4 18. Nf5 Bxe3 19. Rxe3 Qf4 20. N5d4 h6 21. Nxe6 fxe6 22. Ra4 Ne4 23. Qe2 Rf8 24. Nd2 Qxf2+ 25. Qxf2 Nxf2 26. Rxe6 Nd3 27. Re7 Rce8 28. Rxe8 Rxe8 29. Rd4 Nxb2 30. Rxd5 Na4 31. c4 Rc8 32. Rd7 Nc5 33. Rd6 Kf7 34.
Nf3 Ke7 35. Rb6 Rc6 36. Rxc6 bxc6 37. Nd4 Kd7 38. Kf2 Nd3+ 39. Ke2 Ne5 40. c5 Nc4 41. Nf5 Nxa5 42. Nxg7 Nb3 43. g4 a5 44. Kd1 a4 45. Kc2 Nxc5 46. Nf5 Ne4 47. Nxh6 Ke6 48. Nf5 Nf2 49. Kb2 Nxh3 50. Ka3 c5 51. Kxa4 Nf2 52.
Kb5 Nxg4 53. Kxc5 Ne5 54. Nd4+ 1/2-1/2

[Event "*** Titled Tuesday 3|2 Blitz"]
[Site "Chess.com"]
[Date "2015.12.01"]
[Round "8"]
[White "Thomaslegend"]
[Black "Herman-NY"]
[Result "1/2-1/2"]
[WhiteElo "2136"]
[BlackElo "2168"]
[TimeControl "180+2"]
[EndTime "12:45:35 PST"]
[Termination "Game drawn by agreement"]

1. d4 d5 2. c4 e6 3. Nc3 c6 4. Nf3 Nf6 5. e3 Nbd7 6. Qc2 b6 7. b3 Bb7 8. Bb2 Bd6 9. Bd3 O-O 10.
O-O Qe7 11. e4 dxe4 12. Nxe4 Nxe4 13. Bxe4 f5 14. Bd3 c5 15. Ne5 cxd4 16. Nxd7 Qxd7 17.
Bxd4 e5 18. c5 Bc7 19. Bb2 e4 20. Bc4+ Kh8 21. Rfd1 Qe7 22. Bd5 Bxd5 23. Rxd5 bxc5 24. Rad1 Rad8 25. Ba3 Bb6 26. Qc4 f4 27. Bb2 f3 28.
Re1 Rxd5 29. Qxd5 Rd8 30. Qf5 c4 31. Bc3 cxb3 32. axb3 Qc5 33. Qxc5 Bxc5 34. Rxe4 Rd1+ 35. Re1 Rxe1+ 36. Bxe1 fxg2 37. Kxg2 Kg8 38. Kf3 Kf7 39. Ke4 Ke6 40. f4 g6 41. h3 h5 42. Bc3 a6 43.
Ba5 Bf2 44. Bc3 Bg3 45. Be5 Bh2 46. Bc3 Bg3 47. Bg7 Bh4 48. Bh6 Kf7 49. Bg5 Bxg5 50. fxg5 Ke6 51. b4 h4 52. Kf4 Kd5 53. Kg4 Kc4 54. Kxh4 Kxb4 55. Kg4 a5 56. h4 a4 57. h5 gxh5+ 58. Kxh5 a3 59. g6 a2 60. g7 a1=Q 61. g8=Q Qh1+ 62. Kg6 Qg2+ 63. Kh7 Qh3+ 64. Kg7 Qg4+ 65. Kh8 Qh5+ 66. Qh7 Qe5+ 67. Qg7 Qe8+ 68.
Qg8 Qh5+ 69. Qh7 Qe5+ 1/2-1/2

[Event "*** Titled Tuesday 3|2 Blitz"]
[Site "Chess.com"]
[Date "2015.12.01"]
[Round "8"]
[White "LuckyTiger"]
[Black "MinhGTrAn"]
[Result "1-0"]
[WhiteElo "2516"]
[BlackElo "2592"]
[TimeControl "180+2"]
[EndTime "12:46:14 PST"]
[Termination "LuckyTiger won by resignation"]

1. e4 c5 2. c3 Nf6 3. e5 Nd5 4.
Nf3 Nc6 5. Bc4 Nb6 6. Bb3 d5 7.
exd6 Qxd6 8. Na3 a6 9. O-O e6 10. d4 cxd4 11. cxd4 Be7 12. Bc2 O-O 13. Qd3 g6 14.
Qe4 Bf6 15. Rd1 Qd5 16. Qf4 Bg7 17. Be4 Qd8 18. Qg3 Nd5 19. Bg5 Qc7 20. Qh4 f6 21.
Bh6 g5 22. Bxg5 fxg5 23. Qxh7+ Kf7 24. Qg6+ Kg8 25. Qh7+ Kf7 26. Nxg5+ Ke8 27. Re1 Kd8 28. Nc2 Bxd4 29. Nxd4 Nxd4 30. Qh4 Ne7 31. Rad1 e5 32. Nf3 Qd6 33. Nxd4 exd4 34. Bf3 Rf4 35. Qg5 Qf6 36. Qa5+ b6 37. Qb4 Ra7 38. Qc4 Rc7 39. Qd3 Rd7 40. Rc1 Bb7 41. Bxb7 Rxb7 42. Qxa6 Rc7 43. Qa8+ Kd7 44. Rxc7+ Kxc7 45. Qa7+ Kd8 46. Qb8+ Kd7 47. Qb7+ Ke8 48. Re2 Kf8 49. g3 Rf5 50. Qe4 Rc5 51. Kg2 Qc6 52. Qf3+ Ke8 53. h4 Rd5 54. h5 d3 55. Rd2 Rd4 56. Qxc6+ Nxc6 57. Kf3 Kf7 58. Ke3 Rd5 59. Rxd3 Rxh5 60. Rd6 Rc5 61. f4 Rc2 62. b3 b5 63. a3 Ne7 64. g4 Rc3+ 65.
Rd3 Rxb3 66. Rxb3 1-0

[Event "*** Titled Tuesday 3|2 Blitz"]
[Site "Chess.com"]
[Date "2015.12.01"]
[Round "8"]
[White "pKiLz5Rn9b"]
[Black "ChessWarrior7197"]
[Result "1/2-1/2"]
[WhiteElo "2467"]
[BlackElo "2453"]
[TimeControl "180+2"]
[EndTime "12:46:41 PST"]
[Termination "Game drawn by repetition"]

1. e4 c5 2. c3 d5 3. exd5 Qxd5 4. d4 Nc6 5. Nf3 Bf5 6. Be3 e6 7. Na3 Nf6 8. Be2 Rc8 9. dxc5 Qxd1+ 10. Rxd1 Nd5 11. Nd4 Nxe3 12. fxe3 Bxc5 13. Nxf5 exf5 14. Nc4 Ke7 15. Rd5 b6 16. Rxf5 g6 17. Rf4 f5 18.
e4 b5 19. Nd2 Be3 20. Rf3 Bxd2+ 21. Kxd2 Rhd8+ 22. Ke1 fxe4 23. Re3 b4 24. Rxe4+ Kd6 25. cxb4 Re8 26. Rxe8 Rxe8 27. Kd2 Nxb4 28. a3 Nc6 29. Rd1 Kc5 30. Rc1+ Kb6 31. Bd3 Rd8 32. Kc3 Ne5 33.
Bc2 Rc8+ 34. Kb3 Nc4 35. Kc3 Nxa3+ 36. Kd2 Nc4+ 37. Kd3 Nxb2+ 38. Kd4 a5 39. Ke3 a4 40. Kd2 a3 41. Ra1 Kb5 42. h4 Kb4 43. h5 Nc4+ 44.
Ke2 Re8+ 45. Kf2 Kc3 46. Ba4 Rf8+ 47. Kg3 Kb2 48. Re1 a2 49. hxg6 hxg6 50. Bb5 Na3 51. Bd3 a1=Q 52. Rxa1 Kxa1 53. Kg4 Kb2 54. Bxg6 Kc3 55.
Kg5 Nc4 56. g4 Kd4 57. Kh6 Ne5 58. g5 Kd5 59. Bb1 Rb8 60. Bf5 Rf8 61. g6 Rf6 62.
Kg5 Rd6 63. g7 Nf7+ 64. Kf4 Nh6 65. Bh7 Rd8 66. Kg5 Ng8 67. Bxg8+ Rxg8 68. Kf6 Ra8 69. Kf7 Ra7+ 70. Kf6 Ra8 71. Kf7 Ra7+ 72. Kf6 Ra8 73. Kf7 Ra7+ 74. Kf6 1/2-1/2

[Event "*** Titled Tuesday 3|2 Blitz"]
[Site "Chess.com"]
[Date "2015.12.01"]
[Round "8"]
[White "THORK"]
[Black "ZEN-22"]
[Result "1-0"]
[WhiteElo "2195"]
[BlackElo "2243"]
[TimeControl "180+2"]
[EndTime "12:46:45 PST"]
[Termination "THORK won by resignation"]

1. f4 g5 2. d4 gxf4 3. Bxf4 d6 4. Nf3 c5 5. c3 cxd4 6. cxd4 Nf6 7. Nc3 Bf5 8. e3 Nbd7 9. Bc4 Rc8 10. Bb3 Bg7 11.
O-O O-O 12. Nh4 Bg6 13. Nxg6 hxg6 14. Qd3 e5 15. Bg5 exd4 16. exd4 Kh7 17. Rad1 Qa5 18. Qh3+ Kg8 19. Qh4 Nh7 20. Be7 Qb6 21. Bxf8 Rxf8 22. Kh1 Ndf6 23. Qg3 Kh8 24. h3 Nh5 25. Qe3 N7f6 26. Kh2 d5 27. Qe7 Kg8 28. g4 Re8 29. Qc5 Qxc5 30. dxc5 d4 31. Nb5 Re2+ 32. Kg1 Ng3 33.
Rf3 Nfe4 34. Nxd4 Rxb2 35. Bxf7+ Kh7 36. Bd5 Bxd4+ 37. Rxd4 Ne2+ 38. Kf1 Nxd4 39. Rf7+ Kh6 40. Bxe4 Kg5 41. Rxb7 Rxa2 42. c6 Ra1+ 43. Kf2 Rc1 44. c7 Kf4 45. Bxg6 Ne6 46. Rxa7 Nxc7 47. Ra4+ Kg5 48. Be4 Ne6 49. Bf3 Kh4 50. Ra5 Rc2+ 51. Ke3 Rc3+ 52. Kf2 Ng5 53. Bg2 Rc2+ 54. Kg1 Kg3 55.
Ra3+ Kh4 56. Kh2 Rf2 57. Re3 Rd2 58. Kg1 Rb2 59. Kh2 Rc2 60. Kh1 Rc1+ 61. Kh2 Rc2 62. Ra3 Rb2 63. Kg1 Rb1+ 64. Kh2 Rb2 65. Rc3 Ra2 66.
Re3 Rb2 67. Rc3 Ne4 68. Rc8 Nd2 69. Rh8+ Kg5 70. Rh5+ Kf4 71. Rf5+ Ke3 72. Kg3 Rb3 73. g5 Ne4+ 74. Kg4 Nf2+ 75. Kh5 Kd4 76. g6 Nxh3 77. Bxh3 Rxh3+ 78. Kg5 Rg3+ 79. Kf6 Ke4 80. Rf1 Kd5 81. g7 Kd6 82. Kf7 Kd5 83. g8=Q 1-0

[Event "*** Titled Tuesday 3|2 Blitz"]
[Site "Chess.com"]
[Date "2015.12.01"]
[Round "8"]
[White "Keranke"]
[Black "spectralsoul"]
[Result "1/2-1/2"]
[WhiteElo "2597"]
[BlackElo "2504"]
[TimeControl "180+2"]
[EndTime "12:47:57 PST"]
[Termination "Game drawn by agreement"]

1. d4 Nf6 2. c4 e6 3. g3 Bb4+ 4. Nd2 O-O 5. Bg2 c5 6. Nf3 Nc6 7. dxc5 Bxc5 8. O-O Be7 9. b3 d6 10. Bb2 a6 11. Qc2 h6 12. Rac1 Bd7 13. Rfd1 Rc8 14. Qb1 b5 15. Qa1 e5 16. c5 dxc5 17. Nxe5 Nxe5 18. Bxe5 Qb6 19. Ne4 Bg4 20. Bxf6 Bxf6 21.
Nxf6+ Qxf6 22. Qxf6 gxf6 23. Rd2 Rfd8 24. Rxd8+ Rxd8 25. f3 Be6 26. Rxc5 Rd2 27. a4 b4 28. Rc6 a5 29.
Rc5 Bxb3 30. Rxa5 Bc4 31. Ra8+ Kg7 32. Rb8 b3 33. Bh3 Rxe2 34. Bf5 Re1+ 35. Kf2 Re2+ 36.
Kg1 Ra2 37. Rb4 Bd5 38. h4 Kf8 39. Kf1 Ke7 40. Ke1 Kd6 41. Kd1 Bxf3+ 42. Kc1 Bd5 43.
Bb1 Rg2 44. Be4 Bxe4 45. Rxe4 Rxg3 46. Kb2 Kc5 47. Rf4 f5 48. Rxf5+ Kb4 49. Rf4+ Ka5 50.
Ka3 b2+ 51. Kxb2 Rh3 52. Kc2 f5 53. Kd2 Rg3 54. Ke2 Rg4 55. Rxf5+ Kxa4 56. h5 Rh4 57. Kf3 Kb4 58. Kg3 Rh1 59. Kf4 Kc4 60. Ke5 Kd3 61. Kf6 Ke4 62. Re5+ Kf4 63. Ra5 Rb1 64. Ra4+ Kg3 65.
Ra6 Kg4 66. Kg6 Rh1 67. Ra4+ Kf3 68. Kxh6 Rg1 69. Kh7 Rg2 70. h6 Rg1 71. Ra6 Kf4 72.
Rg6 Ra1 73. Rf6+ Kg5 74. Rg6+ Kf5 75. Rd6 Rg1 76. Ra6 Rg2 77. Kh8 Rg1 78. Ra7 Kf6 79. Rg7 Rh1 80. h7 Ra1 81. Rg8 Kf7 82. Rb8 Rg1 83. Rb7+ Kf8 84. Rb4 Kf7 85. Rf4+ Ke7 86. Rf3 Ke8 87. Rf2 Ke7 88. Rf3 1/2-1/2

[Event "*** Titled Tuesday 3|2 Blitz"]
[Site "Chess.com"]
[Date "2015.12.01"]
[Round "8"]
[White "chessmaxusa"]
[Black "Rickstereo"]
[Result "1/2-1/2"]
[WhiteElo "2319"]
[BlackElo "2223"]
[TimeControl "180+2"]
[EndTime "12:50:06 PST"]
[Termination "Game drawn by stalemate"]

1. d4 Nf6 2. Nf3 g6 3. Bf4 Bg7 4. e3 c5 5. c3 b6 6. Nbd2 Bb7 7. h3 O-O 8. Be2 d6 9. O-O Nbd7 10. a4 a6 11. Bh2 Rc8 12. Nc4 Qc7 13. Nfd2 Qb8 14.
Re1 Qa8 15. Bf1 Rfd8 16. Qb3 Qa7 17. e4 cxd4 18. cxd4 d5 19. exd5 Nxd5 20. Nf3 N7f6 21. Nce5 e6 22. Ng5 Rf8 23. Nexf7 Rxf7 24. Nxf7 Kxf7 25.
Rac1 Qa8 26. Be5 Bh6 27. Rc2 Rxc2 28. Qxc2 Qc8 29. Qe2 Qd7 30. b3 Bg7 31. Qc4 Bc8 32. Rc1 Bb7 33. Be2 h6 34. Bxf6 Bxf6 35. Bg4 Bg5 36.
Re1 Nf4 37. f3 Bd5 38. Qxa6 h5 39. h4 Bxh4 40. Rc1 hxg4 41. Qxb6 Ne2+ 42. Kh2 Nxc1 43. Qb8 g3+ 44. Kh3 g5 45. Kg4 e5+ 46. Kh5 Kg7 47.
Qxe5+ Kh7 48. Qxg5 Bf7+ 49. Kxh4 Qxd4+ 50. f4 Qg7 51. Qxg7+ Kxg7 52. b4 Ne2 53. b5 Bb3 54. a5 Bc4 55. b6 Ba6 56. Kg4 Kf6 57. Kf3 Nd4+ 58. Kxg3 Nb3 59. Kh4 Nxa5 60. g4 Nc4 61. g5+ Kg7 62.
f5 Nxb6 63. Kh5 Be2+ 64. Kh4 Nd5 65. Kg3 Bd1 66. Kh3 Ne3 67. f6+ Kg6 68. Kh4 Bf3 69. Kg3 Bd5 70. Kf4 Nf5 71. Ke5 Bf7 72. Kf4 Nd6 73.
Kg4 Ne4 74. Kf4 Nxg5 75. Ke5 Nf3+ 76. Kf4 Nh4 77. Ke5 Nf5 78. Kf4 Kxf6 79. Ke4 Ke6 80. Kf4 Kf6 81. Ke4 Bc4 82. Kf4 Bd5 83. Kg4 Ke5 84. Kg5 Nd4 85. Kg4 Be4 86. Kg5 Bf5 87.
Kh6 Kf6 88. Kh5 Nf3 89. Kh6 Ng5 90. Kh5 Ne6 91. Kh6 Be4 92. Kh5 Kf5 93. Kh6 Bd5 94. Kh5 Nf4+ 95. Kh6 Kf6 96. Kh7 Be6 97. Kh6 Bd7 98.
Kh7 Ne6 99. Kh6 Ng5 100. Kh5 Kf5 101. Kh6 Kf6 102. Kh5 Be6 103. Kh6 Bd5 104. Kh5 Kf5 105. Kh6 Ne6 106. Kh5 Ng5 107. Kh6 Nf7+ 108. Kg7 Be6 109. Kh7 Kf6 110. Kg8 Ng5+ 111. Kh8 Bf5 112. Kg8 Kg6 113. Kh8 Nh7 114. Kg8 Nf6+ 115. Kh8 Nh5 116. Kg8 Kf6 117. Kh8 Ng7 118. Kg8 Bd3 119. Kh8 Ne6 120. Kg8 Ng5 121. Kh8 Nf7+ 122. Kg8 Be4 123. Kf8 Bh7 124. Ke8 Ne5 125. Kf8 Nd7+ 126. Ke8 Ke6 127. Kd8 Kd6 128. Kc8 Nc5 129. Kd8 Bg6 130. Kc8 Kc6 131. Kd8 Kd6 132. Kc8 Bh5 133. Kd8 Nb7+ 134. Kc8 Kc6 135. Kb8 Kb6 136. Kc8 Bg4+ 137. Kb8 Na5 138. Ka8 Nc6 1/2-1/2

[Event "*** Titled Tuesday 3|2 Blitz"]
[Site "Chess.com"]
[Date "2015.12.01"]
[Round "9"]
[White "chessloveyou"]
[Black "BellJackson95"]
[Result "0-1"]
[WhiteElo "2131"]
[BlackElo "2173"]
[TimeControl "180+2"]
[EndTime "12:53:48 PST"]
[Termination "BellJackson95 won by checkmate"]

1. d4 Nf6 2. e3 c5 3. c3 d5 4.
Nf3 Nc6 5. Bd3 e6 6. O-O Bd6 7. Nbd2 O-O 8. Re1 e5 9. dxe5 Nxe5 10. Nxe5 Bxe5 11. h3 b6 12. Nf3 Bc7 13. Qc2 Bb7 14.
b3 Qd6 15. Bb2 Rfe8 16. Bf1 d4 17. e4 Bxe4 18. Rxe4 Rxe4 19. cxd4 cxd4 20. Bxd4 Rxd4 21. Nxd4 Qh2# 0-1

[Event "*** Titled Tuesday 3|2 Blitz"]
[Site "Chess.com"]
[Date "2015.12.01"]
[Round "9"]
[White "kpio91"]
[Black "LADIESGET2KNOWME"]
[Result "0-1"]
[WhiteElo "2501"]
[BlackElo "2255"]
[TimeControl "180+2"]
[EndTime "12:54:06 PST"]
[Termination "LADIESGET2KNOWME won by resignation"]

1. d4 Nf6 2. Bg5 Ne4 3. Bf4 c5 4. d5 Qb6 5. Nc3 Nxc3 6. bxc3 d6 7.
e4 g6 8. Rb1 Qa5 9. Bb5+ Bd7 10. Bxd7+ Nxd7 11. Ne2 Nb6 12. e5 Qxa2 13. exd6 Qxd5 14.
Qc1 Qxg2 15. Rg1 Qe4 16. d7+ Nxd7 17. Rxb7 Qxb7 0-1

[Event "*** Titled Tuesday 3|2 Blitz"]
[Site "Chess.com"]
[Date "2015.12.01"]
[Round "9"]
[White "Saitama_Hero"]
[Black "yopino"]
[Result "1-0"]
[WhiteElo "2136"]
[BlackElo "2212"]
[TimeControl "180+2"]
[EndTime "12:54:35 PST"]
[Termination "Saitama_Hero won by resignation"]

1. e4 c5 2. Nf3 g6 3. d4 cxd4 4. Nxd4 Nc6 5. Be3 Nf6 6. Nc3 Bg7 7. Bc4 O-O 8. Bb3 a5 9. f3 d5 10. exd5 Nb4 11. Nde2 a4 12. Nxa4 Nfxd5 13. Bd4 e5 14.
Bc5 Re8 15. O-O Be6 16. c4 1-0

[Event "*** Titled Tuesday 3|2 Blitz"]
[Site "Chess.com"]
[Date "2015.12.01"]
[Round "9"]
[White "pKiLz5Rn9b"]
[Black "amaidel"]
[Result "1/2-1/2"]
[WhiteElo "2465"]
[BlackElo "2391"]
[TimeControl "180+2"]
[EndTime "12:55:04 PST"]
[Termination "Game drawn by agreement"]

1. e4 e5 2. Nf3 Nf6 3. d4 exd4 4. e5 Ne4 5. Qxd4 d5 6. exd6 Nxd6 7.
Nc3 Nc6 8. Qf4 Be7 9. Be3 O-O 10. Bd3 Bf6 11. O-O Be6 12. Rad1 Qe7 13. Rfe1 Rad8 14.
Bc5 Bxc3 15. bxc3 h6 16. Nd4 Nxd4 17. cxd4 Qg5 18. Qxg5 hxg5 19. c3 b6 20. Ba3 Bxa2 21. Ra1 Be6 22. Bxd6 Rxd6 23. Rxa7 c5 24. Rd1 cxd4 25.
cxd4 Rfd8 26. Bb1 g6 27. Kf1 Rxd4 28. Rxd4 Rxd4 29. Ke1 Rh4 30. h3 g4 31. Rb7 gxh3 32. gxh3 Rxh3 33. Rxb6 Kg7 1/2-1/2

[Event "*** Titled Tuesday 3|2 Blitz"]
[Site "Chess.com"]
[Date "2015.12.01"]
[Round "9"]
[White "jcibarra"]
[Black "Blitzstream"]
[Result "0-1"]
[WhiteElo "2504"]
[BlackElo "2421"]
[TimeControl "180+2"]
[EndTime "12:55:23 PST"]
[Termination "Blitzstream won by resignation"]

1. e4 d5 2. exd5 Qxd5 3. Nc3 Qa5 4. d4 Nf6 5. Bd2 Qb6 6. Nf3 c6 7. Bc4 Bf5 8. Ne5 e6 9. Qf3 Nbd7 10. Nxf7 Qxd4 11.
Nxh8 Qxc4 12. h3 Bxc2 13. Rc1 Ne5 14. Qe2 Nd3+ 15. Kf1 Nxc1 16. Qxc4 Bd3+ 17. Qxd3 Nxd3 18. Ke2 Nc5 19. h4 g6 20. h5 gxh5 21. Be3 Ncd7 22. g4 hxg4 23. Bh6 Bxh6 24. Rxh6 Ke7 25. Ng6+ hxg6 26.
Rxg6 Rg8 27. Rh6 g3 28. fxg3 Rxg3 29. Kf2 Ng4+ 30. Kxg3 Nxh6 0-1

[Event "*** Titled Tuesday 3|2 Blitz"]
[Site "Chess.com"]
[Date "2015.12.01"]
[Round "9"]
[White "Frolyanov_D"]
[Black "VMikhalevski"]
[Result "0-1"]
[WhiteElo "2471"]
[BlackElo "2543"]
[TimeControl "180+2"]
[EndTime "12:56:01 PST"]
[Termination "VMikhalevski won by resignation"]

1. d4 Nf6 2. c4 g6 3. Nf3 Bg7 4. g3 c6 5. Bg2 d5 6. cxd5 cxd5 7.
Nc3 O-O 8. Ne5 e6 9. O-O Nfd7 10. f4 Nc6 11. Be3 f6 12. Nd3 Nb6 13. b3 Bd7 14. Bf2 f5 15. e3 Nc8 16. Ne5 Nd6 17.
Rc1 Qe7 18. g4 Rac8 19. Kh1 Nxe5 20. fxe5 Ne4 21. Nxe4 fxe4 22. Rxc8 Rxc8 23. Bg3 Bb5 24. Rf2 Qc7 25. Bf1 Qc1 26. Qxc1 Rxc1 27. Kg2 Bd3 28. Bh4 Bh6 29. Bxd3 exd3 30. Kf3 Rc2 31. Be7 d2 0-1

[Event "*** Titled Tuesday 3|2 Blitz"]
[Site "Chess.com"]
[Date "2015.12.01"]
[Round "9"]
[White "stepanosinovsky"]
[Black "Thomaslegend"]
[Result "1-0"]
[WhiteElo "2193"]
[BlackElo "2128"]
[TimeControl "180+2"]
[EndTime "12:56:30 PST"]
[Termination "stepanosinovsky won by resignation"]

1. e4 c5 2. Nf3 d6 3. d4 cxd4 4. Nxd4 Nf6 5. Nc3 a6 6. Be3 e5 7. Nb3 Be6 8. Qd2 Nbd7 9. O-O-O Be7 10. f4 exf4 11. Bxf4 Ne5 12. h3 O-O 13. g4 Nfd7 14. Nd5 Bxd5 15. exd5 Rc8 16. Kb1 Bf6 17. g5 Be7 18. h4 Qc7 19. h5 g6 20. Bd3 Nc4 21. Qh2 Bxg5 22. hxg6 Nf6 23. gxh7+ Kh8 24. Bxg5 Qe7 25. Qh4 1-0

[Event "*** Titled Tuesday 3|2 Blitz"]
[Site "Chess.com"]
[Date "2015.12.01"]
[Round "9"]
[White "AleksandrNevski"]
[Black "Rickstereo"]
[Result "1-0"]
[WhiteElo "2356"]
[BlackElo "2218"]
[TimeControl "180+2"]
[EndTime "12:56:37 PST"]
[Termination "AleksandrNevski won by resignation"]

1. b3 Nf6 2. Bb2 e6 3. Nf3 Be7 4. e3 c5 5. c4 b6 6. g3 Bb7 7.
Bg2 d6 8. O-O Nbd7 9. Nc3 O-O 10.
d4 cxd4 11. Nxd4 Bxg2 12. Kxg2 Qc8 13. f4 Nc5 14. Qf3 Re8 15. Rfd1 a6 16. Rac1 Bf8 17.
b4 Ncd7 18. Nc6 a5 19. b5 Nc5 20.
g4 e5 21. g5 e4 22. Qh3 Ng4 23. Nd5 Nd3 24. Bd4 Ndf2 25. Qg3 Nxd1 26. Rxd1 1-0